 Dungeon Crawl Stone Soup version 0.29.1-1-gd02db69 (webtiles) character file.

Game seed: 2077449685741190143

2550 Kel the Grappler (level 9, -8/88 HPs)
             Began as a Troll Fighter on Jan 26, 2023.
             Was an Elder of Okawaru.
             Mangled by a death yak (17 damage)
             ... on level 8 of the Dungeon.
             The game lasted 00:13:10 (6640 turns).

Kel the Grappler (Troll Fighter)                    Turns: 6640, Time: 00:13:11

Health: -8/88      AC:  4    Str: 30    XL:     9   Next: 30%
Magic:  17/17      EV:  9    Int:  4    God:    Okawaru [****..]
Gold:   385        SH:  8    Dex:  9    Spells: 8/8 levels left

rFire   . . .      SeeInvis .     - Unarmed
rCold   . . .      Faith    .   b - +0 kite shield
rNeg    . . .      Spirit   .   a - +0 robe
rPois   +          Reflect  .   (helmet restricted)
rElec   .          Harm     .   (no cloak)
rCorr   .          Rampage  .   (gloves unavailable)
Will    .....                   (boots unavailable)
Stlth   +.........              (no amulet)
HPRegen 1.04/turn               h - ring of poison resistance
MPRegen 0.15/turn               y - ring of magical power

@: no status effects
A: large, unfitting armour, claws 3, regeneration 1, shaggy fur 1, tough skin 1
a: Renounce Religion, Heroism, Finesse


You were on level 8 of the Dungeon.
You worshipped Okawaru.
Okawaru was greatly pleased with you.
You visited 1 branch of the dungeon, and saw 8 of its levels.
You also visited: Sewer.

You collected 385 gold pieces.

Inventory:

Armour
 a - a +0 robe (worn)
 b - a +0 kite shield (worn)
Jewellery
 h - a ring of poison resistance (left claw)
 y - a ring of magical power (right claw)
Wands
 n - a wand of flame (23)
 x - a wand of mindburst (9)
 B - a wand of paralysis (6)
 C - a wand of polymorph (9)
 F - a wand of digging (6)
Scrolls
 e - 6 scrolls of identify
 i - a scroll of enchant armour {unknown}
 j - a scroll of amnesia {unknown}
 l - 8 scrolls of teleportation {unknown}
 o - a scroll of summoning {unknown}
 r - a scroll of brand weapon {unknown}
 s - 2 scrolls of magic mapping {unknown}
 t - 5 scrolls of fear {unknown}
 w - 3 scrolls of poison
 z - a scroll of vulnerability {unknown}
 A - a scroll of fog {unknown}
 G - a scroll of enchant weapon {unknown}
Potions
 c - 5 potions of might
 d - a potion of magic {unknown}
 f - 4 potions of heal wounds {unknown}
 g - 2 potions of curing {unknown}
 k - 5 potions of invisibility {unknown}
 m - a potion of mutation {unknown}
 p - a potion of degeneration {unknown}
 q - a potion of attraction {unknown}
 u - 2 potions of cancellation {unknown}
 v - a potion of flight {unknown}
 D - a potion of lignification {unknown}
 E - a potion of resistance {unknown}


   Skills:
 + Level 5.2 Fighting
 + Level 5.2 Dodging
 + Level 5.8 Shields
 * Level 8.3 Unarmed Combat
 - Level 0.1 Invocations


You had 8 spell levels left.
You didn't know any spells.
Your spell library contained the following spells:

 Spells                   Type           Power      Damage    Failure   Level
 Magic Dart               Conj           0%         1d3       77%         1
 Ensorcelled Hibernation  Hex/Ice        0%         N/A       88%         2
 Passwall                 Tmut/Erth      0%         N/A       88%         2
 Static Discharge         Conj/Air       0%         3-3/arc   88%         2
 Conjure Flame            Conj/Fire      0%         6-21      98%         3
 Gell's Gravitas          Tloc           0%         N/A       98%         3
 Ignite Poison            Fire/Tmut/Pois 0%         N/A       98%         3
 Lesser Beckoning         Tloc           0%         N/A       98%         3
 Mephitic Cloud           Conj/Pois/Air  0%         N/A       98%         3
 Spider Form              Tmut/Pois      0%         N/A       98%         3
 Swiftness                Air            0%         N/A       98%         3
 Teleport Other           Tloc           0%         N/A       98%         3
 Anguish                  Hex/Necr       0%         N/A       100%        4
 Sticky Flame             Conj/Fire      0%         2d3       100%        4
 Lightning Bolt           Conj/Air       0%         1d11      100%        5
 Enfeeble                 Hex            0%         N/A       100%        7
 Orb of Destruction       Conj           0%         9d5       100%        7
 Maxwell's Capacitive Co  Air            0%         ∞         100%        8
 Chain Lightning          Conj/Air       0%         N/A       100%        9
 Fire Storm               Conj/Fire      0%         5d1       100%        9
 Shatter                  Erth           0%         3d5*      100%        9
 Call Imp                 Summ           Unusable   N/A       N/A         2
 Summon Guardian Golem    Hex/Summ       Unusable   N/A       N/A         3
 Spellforged Servitor     Conj/Summ      Unusable   N/A       N/A         7

Dungeon Overview and Level Annotations

Branches:
Dungeon (8/15)             Temple (0/1) D:5            Lair (0/5) D:8
  Sewer (visited)

Altars:
Cheibriados
Dithmenos
Elyvilon
Makhleb
Okawaru
Xom


Innate Abilities, Weirdness & Mutations

You are too large for most types of armour.
You have claws for hands.
Your natural rate of healing is unusually fast.
You are covered in fur. (AC +1)
You have tough skin. (AC +1)


Message History

You block the death yak's attack.
A death yak comes into view.
You block the death yak's attack.
You claw the death yak!
The death yak is almost dead.
The death yak gores you! The death yak gores you!!
The death yak snorts and paws the ground.
You barely miss the death yak.
The death yak is almost dead.
The death yak closely misses you. You block the death yak's attack.
As you read the scroll labelled AXOUCSOPEA, it crumbles to dust.
It is a scroll of identify.
w - 3 scrolls of poison The death yak gores you!
A death yak comes into view.
The death yak gores you!!
* * * LOW HITPOINT WARNING * * *
The death yak bellows!
Okay, then.
You feel like a meek peon again. You block the death yak's attack.
You open the door. The death yak completely misses you.
The death yak gores you.
* * * LOW HITPOINT WARNING * * *
There is an open door here.
Really walk into that dispersal trap? [Y]es or [N]o only, please.
Really walk into that dispersal trap?
You enter a dispersal trap!
The death yak blinks!
You blink.
A death yak comes into view.
Found a staircase to the Lair.
The death yak bellows!
The death yak attacks as you move away! You block the death yak's attack.
The death yak snorts and paws the ground.
Found 12 gold pieces.
The death yak gores you.
* * * LOW HITPOINT WARNING * * *
There is a staircase to the Lair here.
You can't go up here!
The death yak attacks as you move away! The death yak gores you!
You die...

+ #..8 #####. .#...
......##### #. #..8.8 .
.....+..!#####. #.#...
..##..#.......##.##.#..8
...............#.## ###.
...............#.# ...
..#.......Y......# ####
.......@YY.Y.Y.#.###
........YY.........#
.........#.....#.#Y#####
.$...............#.Y....
###.............###§...#
#.#......#>....^'....+
#.######.#.######....# #
#.... +....' ###.##
#....#


You could see 7 death yaks.

Vanquished Creatures
  2 water moccasins (D:7)
  An orc warrior (D:7)
  2 ice beasts
  A sky beast (D:6)
  An ogre (D:4)
  3 centaurs
  3 phantoms
  3 kobold brigands
  A necrophage (D:5)
  A bullfrog (D:6)
  2 scorpions
  A wight (D:8)
  A killer bee (D:8)
  A crimson imp (D:3)
  2 jellies
  2 orc priests (D:7)
  A hound (D:7)
  3 gnoll boudas
  2 iguanas (D:4)
  Terence (D:3)
  4 orc wizards
  14 gnolls
  2 river rats
  13 adders
  2 shadow imps
  2 white imps
  2 worms
  3 dart slugs
  24 orcs
  10 ball pythons
  7 bats
  5 endoplasms
  6 giant cockroaches
  6 hobgoblins
  6 jackals
  A quokka (D:1)
  4 frilled lizards
  9 goblins
  18 kobolds
  3 rats
175 creatures vanquished.

Vanquished Creatures (others)
  5 plants (Sewer)
  2 withered plants (D:2)
7 creatures vanquished.

Grand Total: 182 creatures vanquished

Notes
Turn   | Place    | Note
-------+----------+-------------------------------------------
     0 | D:1      | Kel the Troll Fighter began the quest for the Orb.
     0 | D:1      | Reached XP level 1. HP: 22/22 MP: 0/0
    88 | D:1      | Reached XP level 2. HP: 25/29 MP: 1/1
   771 | D:2      | Reached XP level 3. HP: 36/36 MP: 2/2
  1339 | D:2      | Found a faded altar of an unknown god.
  1348 | D:2      | Prayed at the altar of an unknown god.
  1348 | D:2      | Became a worshipper of Warmaster Okawaru
  1348 | D:2      | Reached * piety under Okawaru
  1812 | D:3      | Reached skill level 3 in Unarmed Combat
  1873 | D:3      | Reached XP level 4. HP: 44/44 MP: 3/3
  1907 | D:3      | Found a shadowy altar of Dithmenos.
  1957 | D:3      | Found a white marble altar of Elyvilon.
  2168 | D:3      | Found a shimmering altar of Xom.
  2168 | D:3      | Found a burning altar of Makhleb.
  2430 | D:3      | Noticed Terence
  2442 | D:3      | Killed Terence
  2495 | D:4      | Reached XP level 5. HP: 52/53 MP: 4/4
  2626 | D:4      | Noticed an ogre
  2636 | D:4      | Killed an ogre
  2636 | D:4      | Reached ** piety under Okawaru
  2637 | D:4      | Reached skill level 4 in Unarmed Combat
  2791 | D:4      | Reached XP level 6. HP: 61/61 MP: 5/5
  2987 | D:4      | Found a glowing drain.
  2998 | Sewer    | Entered a sewer
  3193 | Sewer    | Reached skill level 5 in Unarmed Combat
  3193 | Sewer    | Reached XP level 7. HP: 67/67 MP: 6/6
  3866 | D:5      | Entered Level 5 of the Dungeon
  4001 | D:5      | Reached *** piety under Okawaru
  4554 | D:5      | Reached skill level 6 in Unarmed Combat
  4566 | D:5      | Reached XP level 8. HP: 60/78 MP: 7/7
  4700 | D:5      | Found a staircase to the Ecumenical Temple.
  5001 | D:6      | Reached **** piety under Okawaru
  5002 | D:6      | Reached skill level 5 in Shields
  5050 | D:6      | Found a snail-covered altar of Cheibriados.
  5129 | D:6      | Found an iron altar of Okawaru.
  5360 | D:7      | Reached skill level 7 in Unarmed Combat
  5733 | D:7      | Reached XP level 9. HP: 65/87 MP: 8/8
  5779 | D:7      | Reached skill level 5 in Fighting
  5868 | D:7      | Reached skill level 5 in Dodging
  6045 | D:7      | Reached skill level 8 in Unarmed Combat
  6612 | D:8      | Noticed a death yak
  6612 | D:8      | Noticed a death yak
  6623 | D:8      | Noticed a death yak
  6623 | D:8      | Noticed a death yak
  6624 | D:8      | Noticed a death yak
  6626 | D:8      | Noticed a death yak
  6629 | D:8      | Noticed a death yak
  6633 | D:8      | Found a staircase to the Lair.
  6633 | D:8      | Noticed a death yak
  6640 | D:8      | Mangled by a death yak

Illustrated notes

Levels and vault maps discovered:
D:1:      sevenhm_arrival_forest_fort_large_4, layout_loops_ring, minmay_vboxes
D:2:      layout_basic, ebering_ecumenical_altar_petrified
D:3:      layout_basic, grunt_temple_overflow_champion_of_chaos,
          mainiacjoe_overflow_catch_the_wave, minmay_misc_feat_alley,
          grunt_ministairs_10, st_stairs_10, uniq_terence
D:4:      layout_loops_ring, portal_sewer_entry_c
D:5:      layout_cave_pods, minmay_temple_entry_butterflies
D:6:      cheibrodos_iron_armory, layout_cave_pools,
          mainiacjoe_overflow_alcove_2, lemuel_crystal_altar
D:7:      layout_loops_cross, item_on_display_a
D:8:      layout_basic, nicolae_overflow_quartered_altars, dpeg_lair_monsters,
          minmay_chambers_of_fives

Skill      XL: |  1  2  3  4  5  6  7  8  9 |
---------------+----------------------------+-----
Shields        | 3 4 5 |  5.8
Unarmed Combat | 3 4 5 6 7 8 |  8.3
Fighting       | 3 4 5 |  5.2
Dodging        | 3 4 5 |  5.2
Invocations    | |  0.1

Action                   |  1- 3 |  4- 6 |  7- 9 || total
-------------------------+-------+-------+-------++-------
Melee: Unarmed           |    87 |   126 |   282 ||   495
Invok: Heroism           |     1 |       |     6 ||     7
  Use: Scroll            |       |       |     1 ||     1
 Stab: Sleeping          |       |     1 |     1 ||     2
Armor: Robe              |    30 |    42 |    40 ||   112
Dodge: Dodged            |    28 |    46 |   114 ||   188
Block: Kite shield       |    39 |    61 |   130 ||   230
